 Dungeon Crawl Stone Soup version 0.18-a0-1764-gf4ddf0b (webtiles) character file.

51 dohliylev the Sneak (level 3, -5/25 HPs)
             Began as a Vampire Enchanter on Apr 13, 2016.
             Slain by a gnoll
             ... wielding a +0 halberd
              (15 damage)
             ... on level 3 of the Dungeon.
             The game lasted 00:05:14 (1460 turns).

dohliylev the Sneak (Vampire Enchanter)             Turns: 1460, Time: 00:05:15

Health: -5/25      AC:  5    Str:  7    XL:     3   Next: 58%
Magic:  6/6        EV:  9    Int: 17    God:
Gold:   110        SH:  0    Dex: 15    Spells: 2 memorised, 3 levels left

rFire  . . .     SeeInvis +     p - -3 dagger (curse)
rCold  + . .     Gourm    .     e - +0 troll leather armour (curse)
rNeg   + + .     Faith    .     (no shield)
rPois  +         Spirit   .     (no helmet)
rElec  .         Dismiss  .     (no cloak)
rCorr  .         Reflect  .     l - +0 pair of gloves
SustAt .         Harm     .     (no boots)
MR     .....                    (no amulet)
Stlth  +++.......               (no ring)
                                h - -3 ring of evasion (curse)

@: regenerating slowly, not resistant to hostile enchantments, fairly stealthy
A: fangs 3, see invisible, unbreathing
a: Bat Form


You were on level 3 of the Dungeon.
You were very thirsty.

You visited 1 branch of the dungeon, and saw 3 of its levels.

You collected 110 gold pieces.

Inventory:

Hand Weapons
 a - a +1 dagger
 p - a cursed -3 dagger (weapon)
Armour
 b - a +1 robe
 e - a cursed +0 troll leather armour (worn)
 l - a +0 pair of gloves (worn)
Jewellery
 h - a cursed -3 ring of evasion (left hand)
 o - a +3 amulet of reflection {unknown}
Scrolls
 f - a scroll of enchant weapon {unknown}
 g - a scroll of enchant armour {unknown}
 i - 2 scrolls of teleportation {unknown}
 k - 2 scrolls of identify {unknown}
 m - a scroll of random uselessness {unknown}
 n - 2 scrolls of blinking {unknown}
 q - a scroll of fear {unknown}
Potions
 d - 15 potions of blood
 j - 2 potions of curing {unknown}
 r - a potion of haste {unknown}
Books
 c - a book of Maledictions

   Spells                             Type                      Level
   a - Corona                         Hexes                        1
   b - Ensorcelled Hibernation        Hexes/Ice                    2
   c - Confuse                        Hexes                        3
   d - Tukima's Dance                 Hexes                        3
   e - Dazzling Spray                 Conjuration/Hexes            3


   Skills:
 + Level 0.3 Fighting
 + Level 1.3 Short Blades
 + Level 0.5 Armour
 + Level 2.5 Dodging
 * Level 5.8 Stealth
 + Level 2.0 Spellcasting
 + Level 4.9 Hexes


You had 3 spell levels left.
You knew the following spells:

 Your Spells              Type           Power        Failure   Level  Hunger
a - Corona                Hex            ###....      4%          1    #......
b - Ensorcelled Hibernat  Hex/Ice        ##....       21%         2    ###....


Dungeon Overview and Level Annotations

Branches:
Dungeon (3/15)

Altars:


Innate Abilities, Weirdness & Mutations

You heal slowly.
You have razor-sharp teeth.
You have supernaturally acute eyesight.
You can survive without breathing.


Message History

The goblin barely misses you. The gnoll hits you but does no damage.
You closely miss the goblin.
The goblin is severely wounded.
The bat barely misses you. The bat hits you but does no damage.
The goblin barely misses you. The bat hits you but does no damage.
You barely miss the goblin.
The goblin is severely wounded.
The goblin hits you but does no damage.
You closely miss the bat. The bat hits you but does no damage.
The bat closely misses you. The bat barely misses you.
The bat hits you but does no damage. The bat hits you but does no damage.
You barely miss the bat. The bat hits you but does no damage.
The gnoll hits you from afar with a halberd.
The bat hits you. The bat hits you but does no damage.
The gnoll hits you from afar with a halberd!
Ouch! That really hurt!
You die...

###... #=#...#
#.##..##
#.#...##
#.##..####
...#.#.g..g#
#.. #.####g#
#...#.g!#b#
####.. ..)#@#
<..(..#..(#.#
....##.####.#
#.[.# #.....#
...##.##†.####
... #....#
#.##....#
#.....##
#..##.##


You could see a gnoll, a goblin and a bat.

Vanquished Creatures
  An adder (D:2)
  2 dart slugs (D:2)
  A giant gecko (D:2)
  2 giant cockroaches
  5 goblins
  2 hobgoblins (D:1)
  8 bats
  3 giant newts
  9 kobolds
  6 rats
39 creatures vanquished.

Notes
Turn   | Place    | Note
--------------------------------------------------------------
     0 | D:1      | dohliylev the Vampire Enchanter began the quest for the Orb.
     0 | D:1      | Reached XP level 1. HP: 13/13 MP: 3/3
   221 | D:1      | Reached skill level 5 in Stealth
   224 | D:1      | Reached XP level 2. HP: 19/19 MP: 5/5
   256 | D:1      | Learned a level 2 spell: Ensorcelled Hibernation
  1107 | D:2      | Reached XP level 3. HP: 24/25 MP: 6/6
  1460 | D:3      | Slain by a gnoll

Vault maps used:
D:1:      shiori_arrival_elements
D:2:      minmay_shallow_snake_nest
D:3:      marbit_many_paths, first_bread, minmay_vboxes

Skill      XL: |  1 |
---------------+----+-----
Stealth        | 5 |  5.8
Fighting       | |  0.3
Short Blades   | |  1.3
Armour         | |  0.5
Dodging        | |  2.5
Spellcasting   | |  2.0
Hexes          | |  4.9

Action                   || total
-------------------------++-------
Melee: Dagger            ||   126
       Bite              ||     8
 Cast: Corona            ||     3
       Ensorcelled Hiber ||     3
 Stab: Sleeping          ||    19
Armor: Troll leather arm ||    58
       Robe              ||     1
Dodge: Dodged            ||    58
